 Dungeon Crawl Stone Soup version 0.17-a0-1805-g6093636 (webtiles) character file.

4971 Rationalist the Blocker (level 10, -14/79 HPs)
             Began as a Formicid Fighter on Sept 12, 2015.
             Was a Priest of Qazlal.
             Demolished by Rupert
             ... wielding a +1 battleaxe of venom
              (19 damage)
             ... on level 12 of the Dungeon.
             The game lasted 00:20:42 (8808 turns).

Rationalist the Blocker (Formicid Fighter)          Turns: 8808, Time: 00:20:42

Health: -14/79     AC: 12    Str: 23    XL:     10   Next: 82%
Magic:  10/10      EV: 13    Int:  9    God:    Qazlal [***...]
Gold:   118        SH: 14    Dex:  9    Spells: 0 memorised, 9 levels left

rFire  . . .     SeeInvis +     F - +10 dagger of the Depths {pierce, Str+3 Dex-4}
rCold  . . .     Clarity  +     U - +2 troll leather armour
rNeg   . . .     SustAt   .     c - +0 shield
rPois  .         Gourm    .     (helmet unavailable)
rElec  .         Spirit   .     (no cloak)
rCorr  .         Warding  .     (no gloves)
rMut   .         Stasis   +     (no boots)
MR     ++...                    (no amulet)
Stlth  +.........               X - ring of protection from magic
                                t - +3 ring of protection

@: lethally poisoned (-14 -> -28), drained, very resistant to hostile
enchantments, very unstealthy
A: permanent stasis, dig shafts and tunnels, four strong arms, antennae 3, slimy
green scales 1, clarity, wild magic 1
a: Dig, Shaft Self, Upheaval, Elemental Force, Renounce Religion


You were on level 12 of the Dungeon.
You worshipped Qazlal.
Qazlal was most pleased with you.
You were near starving.

You visited 2 branches of the dungeon, and saw 12 of its levels.

You collected 439 gold pieces.
You spent 321 gold pieces at shops.

Inventory:

Hand weapons
 x - a +0 hand crossbow
 D - a +1 war axe of flaming
 F - the +10 dagger of the Depths (weapon) {pierce, Str+3 Dex-4}
   (You found it on level 4 of the Dungeon)

   It inflicts extra damage upon your enemies.
   It affects your strength (+3).
   It affects your dexterity (-4).
 Q - the +9 whip "Hygu" {drain, -Tele rC++ Dex+3}
   (You found it on level 7 of the Dungeon)

   A truly terrible weapon, it drains the life of those it strikes.
   It affects your dexterity (+3).
   It greatly protects you from cold.
   It prevents most forms of teleportation.
Missiles
 g - 14 sling bullets of flame
 l - 51 sling bullets
 w - 83 bolts
 K - 12 poisoned needles
 W - 2 tomahawks (quivered)
Armour
 c - a +0 shield (worn)
 s - a +3 ring mail
 R - a +2 robe of magic resistance
 U - a +2 troll leather armour (worn)
Jewellery
 f - a +1 ring of protection
 q - an uncursed ring of positive energy
 t - a +3 ring of protection (left hand)
 E - an uncursed ring of fire
 V - an uncursed ring of sustain attributes {unknown}
 X - a ring of protection from magic (right hand)
Magical devices
 z - a wand of lightning (5)
 A - a wand of fireball (10)
 N - a wand of lightning (12)
 P - a wand of polymorph (9)
 S - a wand of teleportation (5)
 Z - a wand of magic darts (21)
Scrolls
 a - a scroll of vulnerability {unknown}
 b - 3 scrolls of recharging {unknown}
 h - 5 scrolls of remove curse
 n - 2 scrolls of enchant weapon {unknown}
 u - a scroll of immolation {unknown}
 G - a scroll of noise {unknown}
 H - 4 scrolls of fear {unknown}
 I - a scroll of magic mapping {unknown}
 L - 2 scrolls of amnesia {unknown}
 M - 2 scrolls of fog {unknown}
Potions
 d - a potion of might
 i - a potion of resistance
 j - 3 potions of brilliance
 p - 3 potions of curing
 v - a potion of mutation {unknown}
 B - a potion of cancellation
 C - a potion of flight
 J - a potion of lignification {unknown}
 O - a potion of haste {unknown}
 T - 3 potions of agility {unknown}
Books
 y - a Necronomicon

   Spells                             Type                      Level
   a - Haunt                          Necromancy/Summoning         7
   b - Borgnjor's Revivification      Necromancy                   8
   c - Death's Door                   Charms/Necromancy            8
   d - Necromutation                  Transmutation/Necromancy     8
Comestibles
 e - 8 bread rations
 k - 10 beef jerkies
 m - 6 meat rations
 o - 6 fruits


   Skills:
 + Level 7.2(6.2) Fighting
 + Level 3.9(3.0) Short Blades
 + Level 4.5(3.7) Axes
 + Level 1.7(2.4) Maces & Flails
 + Level 7.6(6.6) Armour
 + Level 7.2(6.2) Dodging
 + Level 2.5(1.7) Stealth
 + Level 9.4(8.3) Shields


You had 9 spell levels left.
You didn't know any spells.

Dungeon Overview and Level Annotations

Branches:
Dungeon (12/15)            Temple (1/1) D:4
   Lair: D:8-11         Orc: D:9-12

Altars:
Cheibriados
Dithmenos
Elyvilon
Fedhas
Gozag
Okawaru
Qazlal
Ru
Sif Muna
Trog
Vehumet
Xom
Yredelemnul
Zin
The Shining One

Shops:
D:6 ?   D:7 *:=[   D:8 *   D:9 ?

Portals:
Labyrinth: D:12

Annotations:
D:10 Nergalle
D:12 Rupert


Innate Abilities, Weirdness & Mutations

You are under a permanent stasis effect.
You can dig through walls and to a lower floor.
Your four strong arms can wield two-handed weapons with a shield.
You have a pair of large antennae on your head (SInv).
You are partially covered in slimy green scales (AC +2).
You possess an exceptional clarity of mind.
Your spells are a little harder to cast, but a little more powerful.


Message History

Qazlal accepts your kill.
You feel sick. You block Rupert's attack.
You barely miss Rupert. Rupert hits you but does no damage.
You are more poisoned.
You barely miss Rupert.
You feel sick. You block Rupert's attack.
You hit Rupert.
Rupert is lightly wounded.
You feel sick. You block Rupert's attack.
You hit Rupert.
Rupert is lightly wounded.
You feel sick.
Rupert hits you with a battleaxe of venom!
* * * LOW HITPOINT WARNING * * *
You are lethally poisoned!
You hit Rupert.
Rupert is lightly wounded.
* * * LOW HITPOINT WARNING * * *
You feel sick.
Rupert hits you with a battleaxe of venom!!
You die...

#..# #..#
############..########
......................
##########.#..........
#.......#...#########
#...........#
#...........#
#∩...†@.....#
#......@....#
#...........#
#...........#
+...........#
#.............
#########.....# .....#


You could see Rupert (berserk).

Vanquished Creatures
  Pikel (D:6)
  The ghost of Lizzurd the Firebug, an experienced DgFE (D:5)
  The ghost of LordVetinari the Conjurer, an experienced DEFE (D:4)
  A troll (D:9)
  A deep elf mage (D:10)
  A wyvern (D:7)
  A water moccasin (D:9)
  An orc warrior (D:9)
  A sky beast (D:9)
  A slave (D:6)
  7 ogres
  A wasp (D:8)
  2 centaurs
  2 phantoms
  2 giant frogs
  2 scorpions
  2 water moccasin skeletons
  3 wights (D:8)
  A centaur zombie (D:7)
  4 crimson imps
  A killer bee (D:8)
  6 orc priests
  2 jellies
  A centaur skeleton (D:4)
  3 giant frog skeletons
  A hound (D:4)
  8 orc wizards
  Terence (D:3)
  5 iguanas
  11 worker ants
  2 hound skeletons
  13 adders
  3 shadow imps
  2 oozes
  An adder skeleton (D:5)
  3 worms
  33 orcs
  8 giant cockroaches
  8 hobgoblins
  5 kobolds
  2 quokkas
  3 ball pythons
  7 bats
  3 giant geckos
  A giant gecko skeleton (D:8)
  5 giant newts
  6 goblins
  4 jackals (D:1)
  5 rats
  4 butterflies (D:8)
193 creatures vanquished.

Vanquished Creatures (others)
  3 slaves
  An ogre (D:6)
  A worker ant (D:6)
5 creatures vanquished.

Grand Total: 198 creatures vanquished

Notes
Turn   | Place    | Note
--------------------------------------------------------------
     0 | D:1      | Rationalist the Formicid Fighter began the quest for the Orb.
     0 | D:1      | Reached XP level 1. HP: 18/18 MP: 1/1
   103 | D:1      | Reached XP level 2. HP: 22/24 MP: 2/2
   366 | D:1      | Reached XP level 3. HP: 29/29 MP: 3/3
   534 | D:1      | Reached skill level 1 in Dodging
   802 | D:2      | Reached skill level 4 in Shields
   932 | D:2      | Reached XP level 4. HP: 34/36 MP: 4/4
  1351 | D:2      | Reached skill level 1 in Stealth
  1888 | D:3      | Noticed Terence
  1901 | D:3      | Killed Terence
  1901 | D:3      | Reached XP level 5. HP: 42/42 MP: 5/5
  2127 | D:4      | HP: 2/42 [orc wizard/magic dart (4)]
  2134 | D:4      | Reached XP level 6. HP: 26/48 MP: 6/6
  2228 | D:4      | Found a staircase to the Ecumenical Temple.
  2287 | Temple   | Entered the Ecumenical Temple
  2530 | Temple   | Became a worshipper of Qazlal Stormbringer
  2892 | D:4      | Noticed LordVetinari's ghost (experienced DEFE)
  2898 | D:4      | Got a pitted dagger
  2909 | D:4      | Identified the +10 dagger of the Depths {pierce, Str+3 Dex-4} (You found it on level 4 of the Dungeon)
  2916 | D:4      | Killed LordVetinari's ghost
  2916 | D:4      | Reached skill level 5 in Armour
  2916 | D:4      | Reached XP level 7. HP: 13/55 MP: 7/7
  3447 | D:4      | Reached skill level 5 in Shields
  3556 | D:4      | Reached XP level 8. HP: 47/61 MP: 8/8
  3611 | D:4      | Found a snail-covered altar of Cheibriados.
  3879 | D:5      | Entered Level 5 of the Dungeon
  3884 | D:5      | Noticed Lizzurd's ghost (experienced DgFE)
  3908 | D:5      | Killed Lizzurd's ghost
  3908 | D:5      | Acquired Qazlal's first power
  3908 | D:5      | Reached skill level 5 in Fighting
  3908 | D:5      | Reached skill level 1 in Short Blades
  3908 | D:5      | Reached skill level 6 in Armour
  4198 | D:5      | Found a white marble altar of Elyvilon.
  4291 | D:5      | Reached XP level 9. HP: 65/68 MP: 9/9
  4729 | D:6      | Noticed Pikel
  4744 | D:6      | Killed Pikel
  4744 | D:6      | Reached skill level 7 in Armour
  4842 | D:6      | Reached skill level 5 in Dodging
  5075 | D:6      | Found Dyorr's Magic Scroll Boutique.
  5175 | D:6      | Bought a scroll of identify for 22 gold pieces
  5175 | D:6      | Bought a scroll of enchant armour for 82 gold pieces
  5175 | D:6      | Bought a scroll of remove curse for 33 gold pieces
  5175 | D:6      | Bought a scroll of teleportation for 33 gold pieces
  5178 | D:6      | Bought a scroll of blinking for 82 gold pieces
  5181 | D:6      | Bought a scroll of random uselessness for 11 gold pieces
  5441 | D:7      | Found Odacw's Book Boutique.
  5616 | D:7      | Found an opulent altar of Gozag.
  5616 | D:7      | Found a blossoming altar of Fedhas.
  5616 | D:7      | Found a snail-covered altar of Cheibriados.
  5905 | D:7      | Got a scorched whip
  5919 | D:7      | Identified the +9 whip "Hygu" {drain, -Tele rC++ Dex+3} (You found it on level 7 of the Dungeon)
  6006 | D:7      | Found Abreydi's Jewellery Shop.
  6019 | D:7      | You fall through a shaft for 2 floors!
  6026 | D:9      | Acquired Qazlal's second power
  6056 | D:9      | Reached XP level 10. HP: 75/77 MP: 10/10
  6060 | D:9      | Gained mutation: You are partially covered in slimy green scales (AC +2). [mutagenic meat]
  6061 | D:9      | Gained mutation: You possess an exceptional clarity of mind. [mutagenic meat]
  6062 | D:9      | Gained mutation: You can breathe flames. [mutagenic meat]
  6063 | D:9      | Lost mutation: You can breathe flames. [mutagenic meat]
  6064 | D:9      | Gained mutation: Your spells are a little harder to cast, but a little more powerful. [mutagenic meat]
  6277 | D:9      | Noticed a troll
  6291 | D:9      | Killed a troll
  6320 | D:9      | Found Kiduvaj's Magic Scroll Shop.
  6333 | D:9      | Bought a scroll of identify for 22 gold pieces
  6513 | D:9      | Found a shadowy altar of Dithmenos.
  6655 | D:9      | Reached skill level 8 in Shields
  6685 | D:9      | Reached skill level 1 in Maces & Flails
  6915 | D:8      | Found Qode's General Store.
  6924 | D:8      | Bought a potion of curing for 36 gold pieces
  7394 | D:8      | Found a runed door.
  7420 | D:8      | Found a runed door.
  7841 | D:7      | Reached skill level 9 in Shields
  7848 | D:7      | Found Ceon's Armour Shoppe.
  8453 | D:7      | Found Jateefro's General Store.
  8455 | D:7      | Acquired Qazlal's third power
  8645 | D:10     | Entered Level 10 of the Dungeon
  8685 | D:10     | Noticed Nergalle
  8732 | D:10     | You fall through a shaft for 2 floors!
  8794 | D:12     | Found a labyrinth entrance.
  8795 | D:12     | Noticed Rupert
  8808 | D:12     | Demolished by Rupert

Vault maps used:
D:1:      sevenhm_arrival_forest_fort_small_4
D:3:      uniq_terence
D:4:      minmay_temple_entry_purple_smoke, first_bread,
          minmay_misc_feat_more_columns, chei_slow_surprise
D:5:      elyvilon_altar_3
D:6:      serial_shops, shop_scrolls, st_stairs_3, uniq_pikel
D:7:      gammafunk_temple_overflow_claw, nicolae_overflow_hidden_temple,
          serial_shops, shop, nicolae_shop_stone, nicolae_shop_crystal,
          kennysheep_mini
D:8:      lemuel_insect_pit, serial_shops, nicolae_shop_statue_plus,
          grunt_ogre_cave
D:9:      grunt_dithmenos_smoke_and_mirrors, serial_shops, nicolae_shop_trees
D:10:     orc_0_dummy, uniq_nergalle
D:12:     lab_entry_generic, uniq_rupert, uniq_frances, uniq_josephine
Temple:   minmay_temple_forest_path_12

Action                   |  1- 3 |  4- 6 |  7- 9 | 10-12 || total
-------------------------+-------+-------+-------+-------++-------
Melee: War axe           |   102 |   109 |       |    19 ||   230
       Dagger            |       |     6 |   223 |   141 ||   370
       Whip              |       |       |    11 |    76 ||    87
 Abil: Dig               |       |       |       |     2 ||     2
       Shaft Self        |       |       |       |     1 ||     1
  Use: Potion            |       |     3 |       |     3 ||     6
       Scroll            |       |       |     7 |     4 ||    11
  Eat: Chunk             |       |     7 |     9 |    11 ||    27
       Pizza             |       |       |       |     2 ||     2
